[Event "*** Titled Tuesday Blitz"]
[Site "Chess.com"]
[Date "2020.11.24"]
[Round "9"]
[White "Campelov"]
[Black "Trickov"]
[Result "0-1"]
[WhiteElo "2199"]
[BlackElo "2359"]
[TimeControl "180+1"]
[EndTime "12:03:15 PST"]
[Termination "Trickov won by resignation"]

1. e4 c5 2. Nf3 d6 3. d4 Nf6 4. Nc3 cxd4 5. Nxd4 a6 6. Rg1 e5 7. Nb3 Be6 8. g4 Nbd7 9. g5 Ng8 10. Be3 Rc8 11.
Qd2 Be7 12. h4 b5 13. O-O-O Nb6 14. Na5 Qc7 15. Bxb6 Qxb6 16. Nd5 Bxd5 17. exd5 Bd8 18. Nc6 Ne7 19. Bh3 Ra8 20. Bg2 O-O 21. f4 exf4 22.
Qxf4 Qc7 23. h5 Qd7 24. Be4 Bb6 25. Rg2 Rae8 26. h6 Nxd5 27. Bxd5 Be3+ 28. Qxe3 Rxe3 29. hxg7 Kxg7 30. Rf1 Qh3 31. Nd4 Re5 32. Rgf2 Rxd5 33. Nf5+ Rxf5 34. Rxf5 Qe3+ 35. Kb1 Qe4 36. b3 d5 0-1

[Event "*** Titled Tuesday Blitz"]
[Site "Chess.com"]
[Date "2020.11.24"]
[Round "9"]
[White "J36225"]
[Black "Korchmar_Vasiliy"]
[Result "1-0"]
[WhiteElo "2533"]
[BlackElo "2592"]
[TimeControl "180+1"]
[EndTime "12:03:16 PST"]
[Termination "J36225 won by resignation"]

1. c4 c6 2. Nf3 d5 3. d4 Nf6 4. Nc3 a6 5. cxd5 cxd5 6. Bf4 Nc6 7. e3 Bg4 8. Bd3 e6 9. O-O Be7 10. h3 Bh5 11. a3 O-O 12. Rc1 Rc8 13. Be2 b5 14.
Ne5 Bxe2 15. Qxe2 Na5 16. Qd1 Nd7 17. Nd3 Nc4 18. Nb1 Ndb6 19. Nc5 Bxc5 20. dxc5 Rxc5 21.
b3 Nb2 22. Qd4 Rxc1 23. Rxc1 N6c4 24. bxc4 Nxc4 25. Qc3 Qe7 26. Nd2 Nxa3 27. Qa5 Nc4 28. Nxc4 bxc4 29. Qxa6 Qf6 30. Qa3 e5 31. Bg3 Rc8 32.
Qa1 Re8 33. Rd1 Qe6 34. Qc3 f6 35. f3 Qf7 36. Bf2 Rc8 37. Rb1 h6 38. Rb6 Qb7 39. Rxb7 1-0

[Event "*** Titled Tuesday Blitz"]
[Site "Chess.com"]
[Date "2020.11.24"]
[Round "9"]
[White "geordie_derraugh"]
[Black "Isajevsky_Anton"]
[Result "1-0"]
[WhiteElo "2493"]
[BlackElo "2577"]
[TimeControl "180+1"]
[EndTime "12:03:16 PST"]
[Termination "geordie_derraugh won on time"]

1. e4 c5 2. Nf3 d6 3. Bb5+ Nd7 4. d4 cxd4 5. Qxd4 a6 6. Bxd7+ Bxd7 7. c4 e5 8. Qd3 b5 9. Nc3 bxc4 10. Qxc4 Be6 11. Qc6+ Bd7 12. Qc4 h6 13. O-O Nf6 14. Rd1 Be7 15.
b3 O-O 16. Qd3 Qb6 17. Ba3 Bb5 18. Qd2 Rfd8 19. Nd5 Nxd5 20. Qxd5 Bf8 21. Bb2 Rac8 22. Rac1 Bc6 23. Qd3 Qb7 24. Re1 d5 25. Nxe5 dxe4 26.
Qg3 Bd5 27. Ng4 Kh7 28. Qe5 Rxc1 29. Rxc1 Be6 30. Nf6+ gxf6 31. Qxf6 Qd5 32. Qh8+ Kg6 33. Qg8+ Kh5 34. h3 Be7 35. g4+ Kh4 36. Qg7 Bg5 37.
Bf6 Bxf6 38. Qxh6+ 1-0

[Event "*** Titled Tuesday Blitz"]
[Site "Chess.com"]
[Date "2020.11.24"]
[Round "9"]
[White "beautroll"]
[Black "IrishMonkey"]
[Result "0-1"]
[WhiteElo "2430"]
[BlackElo "2567"]
[TimeControl "180+1"]
[EndTime "12:03:17 PST"]
[Termination "IrishMonkey won by checkmate"]

1. e4 Nf6 2. e5 Nd5 3. d4 d6 4. Nf3 c6 5. Ng5 dxe5 6. Qh5 g6 7. Qf3 f6 8. Ne4 exd4 9. Bc4 Nd7 10. O-O Bg7 11. Re1 Qc7 12. Bxd5 cxd5 13. Ng3 Qxc2 14. Qxd5 Ne5 15. Bf4 Nd3 16. Rxe7+ Kxe7 17. Bd6+ Kd8 18. Na3 Qxf2+ 19. Kh1 Bd7 20. Ne4 Qxb2 21. Rb1 Rc8 22. h4 Nf2+ 23. Kg1 Rc1+ 24. Rxc1 Qxc1+ 25. Kxf2 f5 26. Ng5 Qe3+ 27. Kf1 Bc6 28. Ne6+ Kd7 29. Nc5+ Kc8 30.
Qf7 Qc1+ 31. Kf2 Qd2+ 32. Kf1 Qxg2+ 33. Ke1 Re8+ 34. Ne6 Qg1+ 35. Ke2 d3+ 36. Kd2 Bh6+ 37. Kc3 Qa1+ 38. Kxd3 Qd1+ 39. Kc3 Qd2+ 40. Kc4 Bd5+ 41. Kb5 Qe2+ 42. Kc5 Be3+ 43. Kxd5 Qd3+ 44. Ke5 Qd4# 0-1

[Event "*** Titled Tuesday Blitz"]
[Site "Chess.com"]
[Date "2020.11.24"]
[Round "9"]
[White "SchmakAttack"]
[Black "Astaneh"]
[Result "1-0"]
[WhiteElo "2531"]
[BlackElo "2603"]
[TimeControl "180+1"]
[EndTime "12:03:18 PST"]
[Termination "SchmakAttack won on time"]

1. e4 c6 2. d4 d5 3. Nd2 dxe4 4. Nxe4 Nd7 5. Ng5 h6 6. Ne6 Qb6 7. Nxf8 Nxf8 8. c3 Nf6 9. Bc4 Be6 10. Bd3 O-O-O 11.
Nf3 Bg4 12. h3 Bh5 13. g4 Bg6 14. Ne5 N6d7 15. Bxg6 Nxe5 16. Be4 c5 17. Qc2 Ned7 18. Be3 Qc7 19. O-O-O e6 20. Qa4 Nb6 21. Qxa7 cxd4 22. Bxd4 Qf4+ 23. Be3 Qxe4 24. Rxd8+ Kxd8 25. Qxb6+ Kc8 26.
Rd1 Nd7 27. Qa5 Nb8 28. Bb6 Qf4+ 29. Kb1 h5 30. Qc5+ Nc6 31. gxh5 Qf3 32. Qd6 Qf5+ 33.
Ka1 Qe5 34. Qd7+ Kb8 35. Qxf7 Qxh5 36. Qc7+ Ka8 37. Rd7 Rb8 38. Qxc6 1-0

[Event "*** Titled Tuesday Blitz"]
[Site "Chess.com"]
[Date "2020.11.24"]
[Round "9"]
[White "andrzej"]
[Black "korbul"]
[Result "0-1"]
[WhiteElo "2392"]
[BlackElo "2555"]
[TimeControl "180+1"]
[EndTime "12:03:18 PST"]
[Termination "korbul won on time"]

1. e4 c5 2. Nf3 e6 3. d4 cxd4 4.
Nxd4 Nf6 5. Nc3 d6 6. Be2 a6 7.
O-O Qc7 8. Be3 Nbd7 9. g4 h6 10. f4 g6 11. Bf3 e5 12. Nb3 exf4 13. Bxf4 Ne5 14. Bxe5 dxe5 15. Nd5 Nxd5 16. exd5 Bd6 17. Nd2 f5 18. gxf5 gxf5 19. Bh5+ Ke7 20. Nf3 Bd7 21.
Nh4 Rag8+ 22. Kh1 Rg5 23. Ng6+ Rxg6 24. Bxg6 Rf8 25. Qh5 Qc5 26. Qh4+ Rf6 27. c4 f4 28. Rae1 Qxc4 29. Be4 Qb4 30. Rg1 Be8 31. a3 Qd4 32.
Rg7+ Bf7 33. Rxf7+ Kxf7 34. Qh5+ Ke7 35. Qg4 f3 36. Qg7+ Rf7 37. Qg6 f2 38. Qe6+ Kf8 39.
Qxd6+ Re7 40. Qf6+ Ke8 0-1

[Event "*** Titled Tuesday Blitz"]
[Site "Chess.com"]
[Date "2020.11.24"]
[Round "9"]
[White "RD4ever"]
[Black "AryanTari"]
[Result "0-1"]
[WhiteElo "2821"]
[BlackElo "2910"]
[TimeControl "180+1"]
[EndTime "12:03:19 PST"]
[Termination "AryanTari won on time"]

1. e4 c5 2. Nf3 Nc6 3. Bb5 e6 4.
Bxc6 bxc6 5. d3 Ne7 6. Bd2 Ng6 7. h4 h5 8. Bc3 d6 9. e5 f6 10. exd6 Bxd6 11. Nbd2 e5 12. Qe2 Nf4 13. Qe4 O-O 14. Nc4 Bc7 15. O-O-O Nd5 16. Bd2 Rb8 17. Ne3 Be6 18.
Qa4 Qd7 19. Nc4 Nb6 20. Qa3 Nxc4 21. dxc4 Bxc4 22. Be3 Qe6 23. b3 Bd5 24. Bxc5 Rfd8 25. Rd2 Kh7 26. Rhd1 Rb5 27. c4 Ra5 28. cxd5 cxd5 29.
Qb4 d4 30. Rc2 Rd5 31. Bf8 Qf7 32. Qe7 Rd7 33. Qxf7 Rxf7 34. Bb4 Ra6 35. Bc5 Rd7 36. b4 d3 37. Rc3 Rxa2 38. Kb1 Ra4 39. Nd2 f5 40. f3 e4 41. fxe4 Be5 42. Rdc1 a5 43. b5 fxe4 44. b6 Rd5 45. Nb3 d2 0-1

[Event "*** Titled Tuesday Blitz"]
[Site "Chess.com"]
[Date "2020.11.24"]
[Round "9"]
[White "Roman_Ovetchkin"]
[Black "Guachiney"]
[Result "1-0"]
[WhiteElo "2653"]
[BlackElo "2747"]
[TimeControl "180+1"]
[EndTime "12:03:20 PST"]
[Termination "Roman_Ovetchkin won on time"]

1. d4 d6 2. e4 Nf6 3. Nc3 g6 4. f4 Bg7 5. Nf3 c5 6. Bb5+ Nc6 7. dxc5 O-O 8. O-O Qa5 9. cxd6 Nxe4 10. Nxe4 Qxb5 11. dxe7 Nxe7 12. c3 Bf5 13. Nf2 Rad8 14. Qb3 Qa6 15. Be3 Nd5 16. Bd4 Nxf4 17. Bxg7 Kxg7 18.
Rfe1 Qc6 19. Qb4 g5 20. Re5 Bg6 21. Rxg5 h6 22. Rc5 Qd6 23. Rc4 Ne2+ 24. Kf1 Qe6 25. Re1 Rfe8 26. Rd4 Rxd4 27. cxd4 Qa6 28. Qd2 Nxd4+ 29.
Kg1 Nxf3+ 30. gxf3 Rxe1+ 31. Qxe1 Qxa2 32. Qc3+ f6 33. Qc7+ Bf7 34. Qxb7 Qb1+ 35. Kg2 a5 36. Ne4 1-0

[Event "*** Titled Tuesday Blitz"]
[Site "Chess.com"]
[Date "2020.11.24"]
[Round "9"]
[White "Vuk2000"]
[Black "verdest"]
[Result "0-1"]
[WhiteElo "2727"]
[BlackElo "2640"]
[TimeControl "180+1"]
[EndTime "12:03:21 PST"]
[Termination "verdest won on time"]

1. d4 Nf6 2. Bg5 Ne4 3. Bf4 d5 4.
e3 c5 5. Bd3 Nc6 6. Bxe4 dxe4 7. d5 Nb4 8. Nc3 g6 9. a3 Na6 10. Nxe4 Bg7 11. c3 O-O 12. h4 Nc7 13. d6 exd6 14.
Qxd6 Ne6 15. Qxd8 Rxd8 16. Bg5 Nxg5 17. hxg5 b6 18. f3 Bb7 19. Nf2 Rd5 20. Ngh3 Rad8 21.
Rd1 Rxd1+ 22. Nxd1 Be5 23. Nf4 Ba6 24. Nf2 Bxf4 25.
exf4 Re8+ 26. Ne4 Bb7 27. Kf2 Bxe4 28. fxe4 Rxe4 29. Kf3 Re7 30. Rd1 Kg7 31. Rd6 h6 32.
gxh6+ Kxh6 33. g4 Kg7 34. Rd3 f6 35. Rd2 Kf7 36. Rd6 Re6 37. Rd7+ Re7 38. Rxe7+ Kxe7 39. Ke4 Kd6 40. a4 a6 41. Kd3 Kd5 42. b3 c4+ 43. bxc4+ Kc5 0-1

[Event "*** Titled Tuesday Blitz"]
[Site "Chess.com"]
[Date "2020.11.24"]
[Round "9"]
[White "hansen"]
[Black "Dedic8"]
[Result "1-0"]
[WhiteElo "2944"]
[BlackElo "2822"]
[TimeControl "180+1"]
[EndTime "12:03:22 PST"]
[Termination "hansen won on time"]

1. e4 e5 2. Nf3 Nc6 3. Bb5 a6 4. Ba4 Nf6 5. O-O Be7 6. Re1 b5 7. Bb3 O-O 8. h3 Bb7 9. d3 d6 10. a3 Re8 11. Nc3 Bf8 12. Ne2 g6 13. Ng3 Bg7 14.
Bg5 Na5 15. Ba2 h6 16. Bd2 c5 17. Qc1 h5 18. Bh6 Nh7 19. b4 Nc6 20. c3 Qf6 21.
Be3 cxb4 22. axb4 Qe7 23. Qd2 Nd8 24. Ng5 Nxg5 25. Bxg5 Bf6 26. f4 Bxg5 27. fxg5 Ne6 28.
h4 Nf4 29. Rf1 d5 30. exd5 Bxd5 31. Bxd5 Nxd5 32. Ne4 Kg7 33. Rf6 Qf8 34. Rc6 Nf4 35. g3 Re6 36. Rc5 Qd8 37. gxf4 exf4 38. Rd1 a5 39. bxa5 Rxa5 40. Qxf4 Ra2 41. Rc7 Qe8 42. Rf1 Kg8 43. Qxf7+ Qxf7 44. Rfxf7 b4 45. Rfd7 1-0

[Event "*** Titled Tuesday Blitz"]
[Site "Chess.com"]
[Date "2020.11.24"]
[Round "9"]
[White "Ranindu2003"]
[Black "SergeyShtyka"]
[Result "1-0"]
[WhiteElo "2565"]
[BlackElo "2403"]
[TimeControl "180+1"]
[EndTime "12:03:22 PST"]
[Termination "Ranindu2003 won on time"]

1. e4 c5 2. Nf3 Nc6 3. d4 cxd4 4. Nxd4 Nf6 5. Nc3 e5 6. Ndb5 h6 7. Nd5 Nxd5 8. exd5 a6 9. Nc3 Nd4 10. Be3 Nf5 11. Bd2 d6 12. Bd3 g6 13. O-O Bg7 14. f4 exf4 15. Re1+ Ne3 16. Qf3 O-O 17. Qxf4 Nf5 18. Rab1 Be5 19. Qf3 Qh4 20. g3 Nxg3 21. Rxe5 dxe5 22. Qxg3 Qxg3+ 23. hxg3 Kg7 24. Re1 f6 25. Bc4 b5 26. Bb3 Bb7 27. Be3 Rad8 28. Rd1 f5 29. d6 g5 30. Bb6 f4 31. Bxd8 Rxd8 32. gxf4 gxf4 33. Bd5 Bxd5 34. Rxd5 Kf6 35. Ne4+ Ke6 36. Rd2 Kf5 37. Nc5 e4 38. Rd5+ Kg4 39. d7 e3 40. Ne6 Rg8 41. d8=Q Kf3+ 42. Qxg8 e2 43. Qg2+ 1-0

[Event "*** Titled Tuesday Blitz"]
[Site "Chess.com"]
[Date "2020.11.24"]
[Round "9"]
[White "Gogolev_Artemy"]
[Black "GelmanAlexander"]
[Result "0-1"]
[WhiteElo "2476"]
[BlackElo "2589"]
[TimeControl "180+1"]
[EndTime "12:03:23 PST"]
[Termination "GelmanAlexander won on time"]

1. Nf3 c5 2. c4 Nf6 3. Nc3 e6 4. g3 a6 5. Bg2 Be7 6. O-O O-O 7.
d4 cxd4 8. Nxd4 d6 9. e4 Qc7 10. Be3 Nbd7 11. Qe2 Ne5 12. b3 Bd7 13. h3 Rac8 14.
Rac1 h6 15. f4 Ng6 16. g4 Qa5 17. f5 Ne5 18. g5 hxg5 19. Bxg5 b5 20. Bd2 Qb6 21. Be3 Qa5 22. Bd2 Qb6 23. Be3 Qb7 24.
cxb5 axb5 25. Ndxb5 Bc6 26. Na7 Rc7 27. Nxc6 Rxc6 28.
fxe6 fxe6 29. Bd4 Rfc8 30. Qd2 Qb4 31. Qe3 Neg4 32. hxg4 Nxg4 33. Qd2 e5 34. Be3 Rxc3 35. Rxc3 Rxc3 36. Bf2 Qa5 37. Rc1 Rxc1+ 38. Qxc1 Qxa2 39. Qf1 Bg5 0-1

[Event "*** Titled Tuesday Blitz"]
[Site "Chess.com"]
[Date "2020.11.24"]
[Round "9"]
[White "Nils_03"]
[Black "MillyNeuf"]
[Result "1-0"]
[WhiteElo "2256"]
[BlackElo "2367"]
[TimeControl "180+1"]
[EndTime "12:03:23 PST"]
[Termination "Nils_03 won on time"]

1. d4 Nf6 2. c4 e6 3. Nc3 Bb4 4.
Qc2 O-O 5. a3 Bxc3+ 6. Qxc3 d5 7.
Nf3 dxc4 8. e3 b6 9. Bxc4 Ba6 10. O-O Qe7 11. Ne5 Bxc4 12. Qxc4 c5 13. dxc5 Rc8 14.
b4 bxc5 15. b5 Qc7 16. Bb2 Nbd7 17. Nc6 Nb6 18. Qxc5 Na4 19. Qb4 Nxb2 20. Qxb2 a6 21. a4 axb5 22. axb5 Nd5 23. Rxa8 Rxa8 24. Ra1 Qb7 25.
Rxa8+ Qxa8 26. b6 Nxb6 27. Nd4 Nd5 28. h4 h5 29. Nf3 Qc8 30. Qe5 g6 31. Ng5 Qf8 32.
Ne4 Qg7 33. Qb8+ Qf8 34. Qb7 Qe7 35. Qa8+ Qf8 36. Qa7 Qe7 37. Qd4 Qf8 38. g3 Qg7 39.
Qc5 Qf8 40. Qc6 Kh7 41. Ng5+ Kg8 42. Qb7 Qg7 43. Qd7 Qf8 44. Ne4 Qe7 45. Qc8+ Qf8 46. Qc4 Qg7 47. Ng5 Qf8 48. e4 1-0

[Event "*** Titled Tuesday Blitz"]
[Site "Chess.com"]
[Date "2020.11.24"]
[Round "9"]
[White "dosto07"]
[Black "igorknyazev"]
[Result "1-0"]
[WhiteElo "2318"]
[BlackElo "2073"]
[TimeControl "180+1"]
[EndTime "12:03:24 PST"]
[Termination "dosto07 won by resignation"]

1. e4 e5 2. Nf3 Nf6 3. Nxe5 Nxe4 4. Qe2 Qe7 5. Qxe4 d6 6. d4 dxe5 7. dxe5 Nc6 8. Bb5 Bd7 9. Nc3 Nxe5 10. Bxd7+ Nxd7 11. O-O O-O-O 12. Qa4 Qc5 13. Be3 Qc6 14. Qxa7 Bc5 15.
Bxc5 Qxc5 16. Qxc5 Nxc5 17. Rad1 Ne6 18. Rxd8+ Rxd8 19. Rd1 Nd4 20. Rc1 b5 21. Kf1 b4 22. Ne2 Nxc2 23. g3 Nd4 24. Nxd4 Rxd4 25. Ke2 Kd7 26. h4 Kd6 27. Ke3 c5 28. a3 bxa3 29. bxa3 Kd5 30. Ra1 Ra4 31. Kd3 h5 32. f3 f5 33. Kc3 f4 34. Kb3 Rd4 35. gxf4 Rd3+ 36. Kb2 Rxf3 37.
Rg1 Rf2+ 38. Kc3 Rf3+ 39. Kb2 Kc4 40. Rc1+ Kd4 41. Rd1+ Kc4 42. Rc1+ Kd4 43. Rg1 Rf2+ 44. Kb3 c4+ 45. Ka4 c3 46. Rxg7 Rxf4 47. Rd7+ Ke3+ 48. Kb5 Rc4 49. Kxc4 c2 50. Rd3+ Ke2 51. Rc3 Kd2 52. Rxc2+ Kxc2 53. a4 1-0

[Event "*** Titled Tuesday Blitz"]
[Site "Chess.com"]
[Date "2020.11.24"]
[Round "9"]
[White "xamax2000"]
[Black "DrVelja"]
[Result "0-1"]
[WhiteElo "2640"]
[BlackElo "2778"]
[TimeControl "180+1"]
[EndTime "12:03:25 PST"]
[Termination "DrVelja won by checkmate"]

1. e4 g6 2. d4 Bg7 3. Nf3 c6 4. Bd3 d5 5. exd5 cxd5 6. c3 Qc7 7. O-O Nc6 8. Na3 Nf6 9. Nc2 O-O 10. Re1 Bf5 11.
Bxf5 gxf5 12. g3 e6 13. Bf4 Qe7 14. Nh4 Ne4 15. f3 Nd6 16. Qc1 Rae8 17. Bg5 f6 18. Bh6 Kh8 19. b3 e5 20. Qd2 f4 21. Bxf4 Qf7 22.
Bh6 e4 23. Bxg7+ Qxg7 24. f4 Rg8 25. Ne3 Qf7 26. f5 Rg5 27. Qf2 Reg8 28. Qf4 Qd7 29. Kh1 Ne7 30. Rf1 b5 31. a4 Rc8 32. axb5 Rxc3 33.
Ra6 Nec8 34. Nxd5 Rc2 35. Nxf6 Qxb5 36. Raa1 Qe2 37. Nf3 exf3 38. Qh4 Qg2# 0-1

[Event "*** Titled Tuesday Blitz"]
[Site "Chess.com"]
[Date "2020.11.24"]
[Round "9"]
[White "GigaQuparadze"]
[Black "AlexeiShirov"]
[Result "1-0"]
[WhiteElo "2867"]
[BlackElo "2842"]
[TimeControl "180+1"]
[EndTime "12:03:26 PST"]
[Termination "GigaQuparadze won by resignation"]

1. e4 e5 2. Nf3 Nc6 3. Bb5 a6 4.
Ba4 Nf6 5. O-O b5 6. Bb3 Bc5 7. c3 d6 8. d4 Bb6 9. Be3 Bg4 10. Nbd2 O-O 11. h3 Bh5 12. dxe5 Bxe3 13. exf6 Bxd2 14.
fxg7 Re8 15. Qxd2 Bxf3 16. gxf3 Qh4 17. f4 Qxh3 18. Qe3 Qxe3 19. fxe3 Na5 20. Bc2 Nc4 21. Kf2 Kxg7 22. Rg1+ Kf8 23. b3 Nd2 24. e5 dxe5 25. Ke2 exf4 26. Kxd2 Rad8+ 27. Kc1 Rxe3 28. Kb2 Rd2 29.
Rad1 Rh2 30. Kb1 Ree2 31. Bxh7 Rxa2 32. Rde1 f5 33. Bxf5 f3 34. Rgf1 Rae2 35. Bg4 Rb2+ 36. Ka1 Ra2+ 37. Kb1 Rhb2+ 38. Kc1 f2 39. Bd1 a5 40. Re4 a4 41. bxa4 bxa4 42. Rxa4 Ke7 43. Rxa2 Rxa2 44. Bc2 Ra1+ 45. Bb1 Ra3 46. Kb2 Ra5 47.
Rxf2 Rb5+ 48. Kc1 1-0

[Event "*** Titled Tuesday Blitz"]
[Site "Chess.com"]
[Date "2020.11.24"]
[Round "9"]
[White "dpopadic"]
[Black "rugbyclub"]
[Result "1-0"]
[WhiteElo "2331"]
[BlackElo "2183"]
[TimeControl "180+1"]
[EndTime "12:03:26 PST"]
[Termination "dpopadic won by resignation"]

1. e4 e6 2. Nf3 d5 3. e5 c5 4. b4 b6 5. a3 f6 6. c3 Nd7 7. d4 fxe5 8. Nxe5 Nxe5 9. dxe5 g6 10. Bd3 Bg7 11. Bf4 Ne7 12. h4 O-O 13. Bh2 Bb7 14. h5 d4 15. hxg6 hxg6 16. O-O Qd5 17. f3 Bxe5 18.
Bxe5 Qxe5 19. Re1 Qf6 20. cxd4 cxd4 21. Nd2 e5 22. Qe2 Rae8 23. Qxe5 Qxe5 24. Rxe5 Nf5 25.
Rae1 Ne3 26. Rxe8 Rxe8 27. Bxg6 Rc8 28. Nf1 Nc2 29. Bxc2 Rxc2 30. Rd1 Ba6 31. Ng3 d3 32. Ne4 Ra2 33. Nf2 Rxa3 34. g4 Rb3 35. Kg2 Bc4 36.
Kg3 Kg7 37. f4 d2+ 38. Kh4 Rb2 39. Ne4 Rxb4 40. Nxd2 a5 41. Kg5 a4 42. Nxc4 Rxc4 43.
Rd7+ Kf8 44. f5 b5 45. Ra7 Rc5 46. Kf6 Rc6+ 47. Ke5 Rc5+ 48. Kf6 Rc6+ 49. Kg5 Rc5 50. Kg6 Rc3 51. g5 a3 52. f6 Ke8 53. f7+ 1-0

[Event "*** Titled Tuesday Blitz"]
[Site "Chess.com"]
[Date "2020.11.24"]
[Round "9"]
[White "Chesswizard_2007"]
[Black "Infernal_XaM"]
[Result "0-1"]
[WhiteElo "2658"]
[BlackElo "2863"]
[TimeControl "180+1"]
[EndTime "12:03:28 PST"]
[Termination "Infernal_XaM won by resignation"]

1. d4 Nf6 2. c4 e6 3. Nc3 Bb4 4. Qc2 d5 5. Bg5 h6 6. Bxf6 Qxf6 7. e3 dxc4 8. Bxc4 O-O 9. Nf3 a6 10. O-O Nd7 11. Rad1 c6 12. a3 Ba5 13. Ne4 Qe7 14.
Ne5 Nf6 15. Nxf6+ gxf6 16. Nf3 Bc7 17. e4 e5 18. d5 b5 19. Ba2 c5 20. Nh4 Bd6 21. Qc1 Kh7 22. Rd3 f5 23. Nxf5 Bxf5 24. exf5 Qf6 25. Rh3 Rg8 26. Bb1 Rg5 27. Be4 c4 28.
Re1 Rc8 29. Ree3 a5 30. Reg3 Rcg8 31. Kf1 Rxg3 32. hxg3 Rg4 33. f3 Rg5 34. g4 Bc5 35.
g3 Kg7 36. Kg2 Bd4 37. Qd1 Qe7 38. Qe2 h5 39. Rxh5 Rxh5 40. gxh5 Qg5 41. d6 Qxh5 42. d7 Qg5 43. a4 bxa4 44. Qxc4 Qd8 45. Qxa4 Bxb2 46. Qc6 Bd4 47. f6+ Kh6 48. Qd6 0-1

[Event "*** Titled Tuesday Blitz"]
[Site "Chess.com"]
[Date "2020.11.24"]
[Round "9"]
[White "yobdc"]
[Black "FMJoseHerrera"]
[Result "1-0"]
[WhiteElo "2496"]
[BlackElo "2578"]
[TimeControl "180+1"]
[EndTime "12:03:29 PST"]
[Termination "yobdc won on time"]

1. d4 Nf6 2. Nf3 c5 3. e3 g6 4. Be2 Bg7 5. O-O O-O 6. b3 cxd4 7. exd4 d6 8. Bb2 a6 9. c4 b6 10. Nc3 Bb7 11. d5 Nbd7 12. Re1 Rc8 13. Rc1 Re8 14.
Nd4 Qc7 15. Bf1 Qb8 16. g3 b5 17. cxb5 Nxd5 18. Nxd5 Bxd5 19. Rxc8 Qxc8 20. bxa6 Qa8 21. Nb5 Bxb2 22. Nc7 Qc6 23. Nxd5 Ne5 24. Bg2 Qc5 25.
b4 Qa7 26. b5 Bd4 27. Qc2 Ng4 28. Rf1 Kg7 29. h3 Ne5 30. Qc7 Bxf2+ 31. Rxf2 Qd4 32. Qc3 Qd1+ 33. Rf1 Qa4 34. Kh2 Qxb5 35. Nc7 Qb8 36. Nxe8+ Qxe8 37. a7 h5 38. a8=Q Qd7 39. Qac8 Qb5 40.
Q8c7 Qe8 41. a4 h4 42. gxh4 Qxa4 43. Qxe7 Kh6 44. Qe3+ Kg7 45. Q3xe5+ dxe5 46. Rxf7+ 1-0

[Event "*** Titled Tuesday Blitz"]
[Site "Chess.com"]
[Date "2020.11.24"]
[Round "9"]
[White "LamaChampetre"]
[Black "CM_rui"]
[Result "0-1"]
[WhiteElo "2219"]
[BlackElo "2364"]
[TimeControl "180+1"]
[EndTime "12:03:30 PST"]
[Termination "CM_rui won by resignation"]

1. d4 Nf6 2. c4 e6 3. Nf3 Bb4+ 4. Nbd2 O-O 5. g3 d6 6. Bg2 Nbd7 7. O-O e5 8. a3 Bxd2 9. Bxd2 Qe7 10. dxe5 dxe5 11. Qc2 Rb8 12. Bc3 b6 13. b4 Bb7 14.
Rad1 h6 15. Rfe1 Rfe8 16. Nh4 Bxg2 17. Kxg2 Nf8 18. e4 Qe6 19. Bb2 N8h7 20. c5 Ng5 21.
f3 Qh3+ 22. Kg1 bxc5 23. Qxc5 Nh5 24. Qf2 c5 25. Bc3 cxb4 26. Bxb4 Qe6 27. Rd6 Nh3+ 28. Kg2 Nxf2 29. Rxe6 Rxe6 30. Kxf2 Rc6 31. Re2 Nf6 32. Nf5 Kh7 33. Bd6 Rb3 34. Bxe5 Rxa3 35. Nd4 Rcc3 36. f4 Ng4+ 37. Kg2 Nxe5 38. fxe5 Re3 39.
Rf2 Rxe4 40. Nc2 Ra2 41. Kf3 Rxe5 42. Nd4 Rxf2+ 43. Kxf2 a5 0-1

[Event "*** Titled Tuesday Blitz"]
[Site "Chess.com"]
[Date "2020.11.24"]
[Round "9"]
[White "AniJak"]
[Black "cukin84"]
[Result "1-0"]
[WhiteElo "2324"]
[BlackElo "2151"]
[TimeControl "180+1"]
[EndTime "12:03:30 PST"]
[Termination "AniJak won by resignation"]

1. e4 c6 2. d4 d5 3. e5 c5 4. dxc5 e6 5. a3 Bxc5 6. b4 Be7 7. Nf3 Nc6 8. Bb2 Nh6 9. Bd3 g6 10. O-O Nf5 11. Nbd2 O-O 12. c4 dxc4 13. Nxc4 a6 14. Qe2 Ncd4 15. Nxd4 Nxd4 16. Qe3 Nf5 17. Qh3 b5 18. Na5 Qb6 19. Be4 Ra7 20. Rfd1 Bd7 21.
Bxf5 exf5 22. Bd4 Qc7 23. Bxa7 Qxa7 24. Qd3 Be6 25. Nc6 Qc7 26. Nxe7+ Qxe7 27. Qd6 Qg5 28. Qxa6 f4 29. Qxb5 f3 30. g3 Qh5 31. h4 Qg4 32. Rac1 Kg7 33. a4 h6 34. Qf1 Qxb4 35. Rd3 Bc4 36.
Rxc4 Qxc4 37. Rxf3 Qxa4 38. Qe2 Rb8 39. Kg2 Qc6 40. Qe3 Rb5 41. Qf4 Rb7 42. Kh2 Kh7 43. Qf6 Qd5 44. Qf4 Qe6 45. Kg2 Rd7 46. Re3 Rd1 47. Qf3 Qc4 48. Qxd1 Qc6+ 49. Qf3 Qe6 50. Rd3 g5 51. Re3 gxh4 52. Qe4+ Kg7 53. Qxh4 1-0

[Event "*** Titled Tuesday Blitz"]
[Site "Chess.com"]
[Date "2020.11.24"]
[Round "9"]
[White "QuintilianoR"]
[Black "boasovietica"]
[Result "1-0"]
[WhiteElo "2650"]
[BlackElo "2418"]
[TimeControl "180+1"]
[EndTime "12:03:32 PST"]
[Termination "QuintilianoR won on time"]

1. d4 Nf6 2. c4 g6 3. Nc3 Bg7 4. e4 d6 5. Nf3 Bg4 6. Be2 O-O 7. Be3 Nfd7 8. Ng1 Bxe2 9. Ngxe2 c5 10. O-O Nc6 11.
d5 Na5 12. b3 a6 13. Rb1 Rb8 14. a4 Qc7 15. Qc2 e6 16. h3 Nf6 17. Rfd1 exd5 18.
exd5 Rfe8 19. Ng3 Qd7 20. Qd2 b6 21. Bf4 Nb7 22. Bg5 Nd8 23. Qf4 Ng4 24. hxg4 Bxc3 25.
Ne4 Rxe4 26. Qxe4 Nb7 27. Rd3 Re8 28. Qf3 Bd4 29. Be3 Be5 30. g5 Na5 31. Re1 b5 32. axb5 axb5 33. Rc1 bxc4 34. bxc4 Qa4 35. Qg4 Nb3 36.
Rb1 Nd4 37. Bxd4 Bxd4 38. Rxd4 cxd4 39. Qxd4 Qc2 40. Rf1 Qf5 41. Qf6 Qxf6 42. gxf6 Rc8 43. Rb1 h5 44. Rb4 g5 45. Rb6 Rxc4 46. Rxd6 Rd4 47.
Rd7 1-0

[Event "*** Titled Tuesday Blitz"]
[Site "Chess.com"]
[Date "2020.11.24"]
[Round "9"]
[White "HanSchut"]
[Black "Pikachess999"]
[Result "0-1"]
[WhiteElo "2213"]
[BlackElo "2363"]
[TimeControl "180+1"]
[EndTime "12:03:32 PST"]
[Termination "Pikachess999 won on time"]

1. e4 e6 2. d4 d5 3. Nd2 Nf6 4. e5 Nfd7 5. f4 c5 6. c3 Nc6 7. Ndf3 Qb6 8. a3 cxd4 9. cxd4 Na5 10. b4 Nc4 11. Bxc4 dxc4 12. Ne2 a5 13. Qa4 Qc6 14. b5 Qc7 15. Bd2 Nb6 16. Bxa5 Nxa4 17. Bxc7 b6 18.
O-O Bd7 19. Rfc1 Bxb5 20. Rcb1 Ra5 21. Bd6 Bxd6 22. exd6 f6 23. d5 exd5 24. Ned4 Nc3 25. Re1+ Kd7 26. Re7+ Kxd6 27. Rae1 Ne4 28. Rxg7 Bd7 29.
Rb1 b5 30. f5 c3 31. Kf1 Nd2+ 32. Nxd2 cxd2 33. Rd1 Rxa3 34. Rxd2 b4 35. Kf2 Rha8 36.
Rg3 Ra2 37. Ke2 Rxd2+ 38. Kxd2 Ra3 39. Rg7 h5 40. Kc2 Rc3+ 41. Kb2 Rd3 42. Nc2 Bxf5 43.
Nxb4 Rd2+ 44. Kc3 Rf2 0-1

[Event "*** Titled Tuesday Blitz"]
[Site "Chess.com"]
[Date "2020.11.24"]
[Round "9"]
[White "Sebastian"]
[Black "frederiksvane"]
[Result "1-0"]
[WhiteElo "2915"]
[BlackElo "2729"]
[TimeControl "180+1"]
[EndTime "12:03:33 PST"]
[Termination "Sebastian won by resignation"]

1. e4 c5 2. Nf3 d6 3. d4 cxd4 4. Nxd4 Nf6 5. Nc3 Nc6 6. Bg5 e6 7. Qd2 a6 8. O-O-O Bd7 9. f3 Be7 10. Be3 Rc8 11. g4 h6 12. h4 Ne5 13. Kb1 b5 14. a3 Qa5 15. Be2 Nc4 16. Bxc4 Rxc4 17.
g5 Nh5 18. gxh6 gxh6 19. Rhg1 Qc7 20. Nce2 Bf6 21. Nb3 Ke7 22. Bd4 e5 23. Bc3 Be6 24. Bb4 Rc6 25. Na5 Rb6 26. Qe3 Ng7 27. f4 exf4 28.
Nxf4 Be5 29. Rxg7 Bxg7 30. e5 Kd7 31. Bxd6 Rxd6 32. Rxd6+ Ke7 33. Nc6+ Ke8 34. Nxe6 fxe6 35. Qg3 Kf7 36. Qg4 Re8 37. Qh5+ Kf8 38. Nd4 Qf7 39. Qg4 Bxe5 40. Nxe6+ Ke7 41. Rxa6 Qf1+ 42. Ka2 Qc4+ 43.
Qxc4 bxc4 44. Nc5 Rb8 45. Re6+ Kf7 46. Rxe5 1-0

[Event "*** Titled Tuesday Blitz"]
[Site "Chess.com"]
[Date "2020.11.24"]
[Round "9"]
[White "Nikolakis2014"]
[Black "Smirnov_Pavel"]
[Result "0-1"]
[WhiteElo "2717"]
[BlackElo "2835"]
[TimeControl "180+1"]
[EndTime "12:03:33 PST"]
[Termination "Smirnov_Pavel won on time"]

1. Nf3 Nf6 2. c4 e6 3. g3 d5 4. d4 Be7 5. Bg2 O-O 6. O-O c6 7.
Qc2 b6 8. Nbd2 Bb7 9. b3 Nbd7 10. Bb2 Rc8 11. e4 Rc7 12. Rad1 Qb8 13. Rfe1 Re8 14. Ne5 Nxe5 15. dxe5 Nd7 16. h4 Rec8 17. Qb1 b5 18. cxd5 cxd5 19. exd5 Bxd5 20. Bxd5 exd5 21. e6 fxe6 22.
Rxe6 Nc5 23. Ree1 Rd7 24. Qf5 Rf8 25. Qg4 Rf7 26. b4 Nd3 27. Qxd7 Nxf2 28. Be5 Qb6 29.
Kh2 Nxd1 30. Rxd1 Qf2+ 31. Kh3 Qe2 32. Qe8+ Bf8 33. Rc1 Qxd2 34. Rc8 Qd1 35. Qe6 Qh1+ 36. Kg4 Qf3+ 37. Kh3 Qh1+ 38. Kg4 Qe4+ 39. Kh3 h5 40. Rxf8+ Kxf8 41. Qc8+ Ke7 42. Qc7+ Ke6 43. Qd6+ Kf5 0-1